 Dungeon Crawl Stone Soup version 0.25.0-26-g0c896c7088 (webtiles) character file.

Game seed: 8240323198815013233

53 protoss039 the Vexing (level 3, -3/19 HPs)
             Began as a Vampire Enchanter on July 4, 2020.
             Shot with a sling bullet by a goblin (4 damage)
             ... led by Robin
             ... on level 2 of the Dungeon.
             The game lasted 00:04:23 (1428 turns).

protoss039 the Vexing (Vampire Enchanter)           Turns: 1428, Time: 00:04:23

Health: -3/19      AC:  2    Str:  7    XL:     3   Next: 64%
Magic:  6/6        EV: 13    Int: 17    God:
Gold:   43         SH:  0    Dex: 15    Spells: 0/6 levels left

rFire    . . .     SeeInvis +   a - +1 dagger
rCold    + + .     Gourm    .   (no shield)
rNeg     + + +     Faith    .   b - +0 robe
rPois    ∞         Spirit   .   (no helmet)
rElec    .         Reflect  .   (no cloak)
rCorr    .         Harm     .   (no gloves)
MR       .....                  (no boots)
Stlth    +++++.....             (no amulet)
HPRegen  0.00/turn              (no ring)
MPRegen  0.10/turn              (no ring)

@: bloodless
A: no food, fangs 3, see invisible, unbreathing
a: Bat Form, Revivify


You were on level 2 of the Dungeon.
You were bloodless.

You visited 1 branch of the dungeon, and saw 2 of its levels.

You collected 43 gold pieces.

Inventory:

Hand Weapons
 a - a +1 dagger (weapon)
Armour
 b - a +0 robe (worn)
Scrolls
 c - a scroll of identify {unknown}
 e - a scroll of magic mapping {unknown}
 f - a scroll of fog {unknown}
 g - a scroll of teleportation {unknown}


   Skills:
 + Level 0.1 Fighting
 + Level 1.5 Short Blades
 + Level 2.6 Dodging
 + Level 5.1 Stealth
 + Level 2.3 Spellcasting
 + Level 5.3 Hexes


You couldn't memorise any spells.
You knew the following spells:

 Your Spells              Type           Power        Failure   Level  Hunger
a - Corona                Hex            ###....      1%          1    N/A
b - Confusing Touch       Hex            ###.....     6%          3    N/A
c - Ensorcelled Hibernat  Hex/Ice        ##....       10%         2    N/A

Your spell library contained the following spells:

 Spells                   Type           Power        Failure   Level  Hunger
 Tukima's Dance           Hex            ###.....     6%          3    N/A
 Dazzling Flash           Conj/Hex       ##....       19%         3    N/A

Dungeon Overview and Level Annotations

Branches:
Dungeon (2/15)

Altars:

Annotations:
D:2 Robin


Innate Abilities, Weirdness & Mutations

You do not eat.
You do not regenerate when monsters are visible.
You are frail without blood (-20% HP).
You can heal yourself when you bite living creatures.
You are immune to poison.
You have razor-sharp teeth.
You have supernaturally acute eyesight. (SInv)
You can survive without breathing.


Message History

The goblin closely misses you. The goblin hits you but does no damage.
Unknown command.
Unknown command.
Unknown command.
Unknown command.
The goblin shoots a sling bullet.
The sling bullet hits you.
* * * LOW HITPOINT WARNING * * *
Robin throws the goblin at you!
You see here a sling bullet.
Unknown command.
The goblin no longer looks unusually strong.
There is a stone staircase leading up here.
Unknown command.
Unknown command.
Unknown command.
Unknown command.
The hobgoblin no longer looks unusually strong. x2
The goblin no longer looks unusually strong.
The goblin shoots a sling bullet.
The sling bullet hits you.
You die...

#.#.#...#.#..<....[.#
..#.........†..........
.......g...(.........#.#
.###....g..gg.g........#
..........g..g#r#.....#
.............#g#.##....#
...$.........gggg......$
[..(...........g........
.#...#######.#@.........
#... ........########.
........# ........#
........# .........
########. .


You could see Robin, 5 hobgoblins, 7 goblins and a rat.

Vanquished Creatures
  A gnoll (D:1)
  An adder (D:1)
  3 dart slugs
  A leopard gecko (D:1)
  3 goblins (D:1)
  3 hobgoblins (D:1)
  7 jackals (D:1)
  4 kobolds (D:1)
  3 frilled lizards (D:1)
26 creatures vanquished.

Notes
Turn   | Place    | Note
-------+----------+-------------------------------------------
     0 | D:1      | protoss039 the Vampire Enchanter began the quest for the
                  | Orb.
     0 | D:1      | Reached XP level 1. HP: 13/13 MP: 3/3
   189 | D:1      | Reached XP level 2. HP: 19/19 MP: 5/5
   377 | D:1      | Reached skill level 5 in Stealth
   608 | D:1      | Reached skill level 5 in Hexes
   614 | D:1      | Reached XP level 3. HP: 17/24 MP: 2/6
  1366 | D:1      | Learned a level 3 spell: Confusing Touch
  1369 | D:1      | Learned a level 2 spell: Ensorcelled Hibernation
  1414 | D:2      | Noticed Robin
  1428 | D:2      | Shot with a sling bullet by a goblin

Illustrated notes

Levels and vault maps discovered:
D:1:      wheals_arrival_linesprint, layout_loops_corners
D:2:      layout_basic, ashenzari_conservatory_becter, minmay_mini_jars,
          uniq_robin

Skill      XL: |  1  2 |
---------------+-------+-----
Stealth        | 5 |  5.1
Hexes          | 5 |  5.3
Fighting       | |  0.1
Short Blades   | |  1.5
Dodging        | |  2.6
Spellcasting   | |  2.3

Action                   || total
-------------------------++-------
Melee: Dagger            ||   109
       Bite              ||     9
 Cast: Corona            ||    32
 Abil: Exsanguinate      ||     1
  Use: Potion            ||     2
 Stab: Sleeping          ||     4
Armor: Robe              ||    17
Dodge: Dodged            ||    95
